 Dungeon Crawl Stone Soup version 0.26.1-11-gd32895ea62 (webtiles) character file.

Game seed: 14745528351175449782

118 H0rd4k the Insei (level 5, -2/33 HPs)
             Began as an Octopode Transmuter on June 24, 2021.
             Killed by divine providence
             ... invoked by an orc priest
              (17 damage)
             ... on level 3 of the Dungeon.
             The game lasted 00:01:46 (2471 turns).

H0rd4k the Insei (Octopode Transmuter)              Turns: 2471, Time: 00:01:47

Health: -2/33      AC:  2    Str:  9    XL:     5   Next: 2%
Magic:  6/9        EV: 20    Int: 16    God:
Gold:   117        SH:  0    Dex: 18    Spells: 5/9 levels left

rFire    . . .     SeeInvis .     - Unarmed
rCold    . . .     Faith    .   (shield currently unavailable)
rNeg     . . .     Spirit   .   (helmet currently unavailable)
rPois    x         Reflect  .   (no amulet)
rElec    .         Harm     .   (no ring)
rCorr    .         Rampage  .   (no ring)
Will     .....                  (no ring)
Stlth    ++........             (no ring)
HPRegen  0.11/turn              (no ring)
MPRegen  0.11/turn              (no ring)
                                (no ring)
                                (no ring)

@: spider-form (expiring)
A: tiny, almost no armour, stealthy swim, (amphibious), 8 rings, (constrict 8)
a: End Transformation


You were on level 3 of the Dungeon.
You were a venomous arachnid creature.
You visited 1 branch of the dungeon, and saw 3 of its levels.

You collected 117 gold pieces.

Inventory:

Missiles
 h - 4 curare-tipped darts
Jewellery
 c - an uncursed amulet of faith
Wands
 k - a wand of iceblast (9)
Scrolls
 a - 2 scrolls of teleportation {unknown}
 b - a scroll of random uselessness {unknown}
 d - a scroll of blinking {unknown}
 e - a scroll of fog {unknown}
 g - a scroll of amnesia {unknown}
 i - 2 scrolls of identify {unknown}
 j - a scroll of fear {unknown}
 m - 2 scrolls of immolation {unknown}
 n - 2 scrolls of enchant armour {unknown}
Potions
 f - 2 potions of curing {unknown}
 l - a potion of lignification {unknown}
 o - a potion of attraction {unknown}


   Skills:
 + Level 1.0 Fighting
 + Level 2.6 Dodging
 - Level 1.0 Stealth
 + Level 4.1 Unarmed Combat
 * Level 2.7 Spellcasting
 * Level 2.4 Transmutations
 * Level 1.3 Poison Magic


You had 5 spell levels left.
You knew the following spells:

 Your Spells              Type           Power        Failure   Level
a - Beastly Appendage     Tmut           18%          19%         1
b - Spider Form           Tmut/Pois      4%           47%         3

Your spell library contained the following spells:

 Spells                   Type           Power        Failure   Level
 Wereblood                Tmut           9%           26%         2
 Ice Form                 Ice/Tmut       6%           89%         4
 Blade Hands              Tmut           4%           97%         5


Dungeon Overview and Level Annotations

Branches:
Dungeon (3/15)

Altars:


Innate Abilities, Weirdness & Mutations

You cannot wear most types of armour.
You are very stealthy in the water. (Stealth+)
((You are amphibious.))
You can wear up to eight rings at the same time.
((You can use your tentacles to constrict eight enemies at once.))
((Your skin changes colour to match your surroundings (Stealth+).))
((Your rubbery body absorbs attacks. (AC +1, EV +1)))


Message History

You barely miss the orc priest.
The orc priest mumbles some strange prayers to Beogh against you.
Pain shoots through your body!
You hit the orc priest but do no damage.
The orc priest is poisoned.
The orc priest barely misses you.
The orc shouts!
You hit the orc priest.
The orc priest looks as sick as possible!
The orc priest is lightly wounded.
The orc priest hits you.
You hit the orc priest.
The orc priest looks as sick as possible!
The orc priest is severely wounded.
You hit the orc priest but do no damage.
The orc priest looks as sick as possible!
The orc priest is severely wounded.
The orc priest invokes the aid of Beogh against you.
Beogh smites you!
Ouch! That really hurt!
You die...

## .# . .########.##
.. .(......... ...
........
....##.#...#+#####
#o.o..#.........#
##...K.#.........+ .#
......os#........# #.#
........+.....)..# #.#
........#........# #.#
........#..(.....###.#
........#............#
........#............#
........#............#
........#........###.#
###.........†#


You could see an orc priest (extremely poisoned), 2 orcs and a kobold.

Vanquished Creatures
  6 adders (D:2)
  An ooze (D:1)
  4 dart slugs
  A leopard gecko (D:2)
  An orc (D:3)
  4 giant cockroaches
  3 goblins
  9 hobgoblins
  6 kobolds
  A quokka (D:2)
  A bat (D:1)
  A frilled lizard (D:2)
  13 rats
51 creatures vanquished.

Vanquished Creatures (others)
  A kobold (D:1)
1 creature vanquished.

Grand Total: 52 creatures vanquished

Notes
Turn   | Place    | Note
-------+----------+-------------------------------------------
     0 | D:1      | H0rd4k the Octopode Transmuter began the quest for the Orb.
     0 | D:1      | Reached XP level 1. HP: 13/13 MP: 3/3
    79 | D:1      | Reached XP level 2. HP: 1/18 MP: 5/5
   547 | D:1      | Reached skill level 1 in Stealth
   547 | D:1      | Reached XP level 3. HP: 13/23 MP: 6/6
   562 | D:1      | Learned a level 3 spell: Spider Form
  1535 | D:2      | Reached skill level 1 in Poison Magic
  1535 | D:2      | Reached XP level 4. HP: 11/28 MP: 7/7
  1883 | D:2      | Reached skill level 4 in Unarmed Combat
  2432 | D:3      | Reached XP level 5. HP: 30/33 MP: 7/9
  2471 | D:3      | Killed from afar by an orc priest

Illustrated notes

Levels and vault maps discovered:
D:1:      amcnicky_arrival_choice, layout_rooms
D:2:      layout_basic, grunt_decor_junction, feat_on_display
D:3:      layout_basic, ebering_ghost_reflecting_pool

Skill      XL: |  1  2  3  4 |
---------------+-------------+-----
Stealth        | 1 |  1.0
Poison Magic   | 1 |  1.3
Unarmed Combat | 4 |  4.1
Fighting       | |  1.0
Dodging        | |  2.6
Spellcasting   | |  2.7
Transmutations | |  2.4

Action                   |  1- 3 |  4- 6 || total
-------------------------+-------+-------++-------
Melee: Unarmed           |    81 |    47 ||   128
       Constrict         |    21 |     9 ||    30
       Tentacles         |    10 |     6 ||    16
       Punch             |     1 |       ||     1
 Cast: Spider Form       |       |     1 ||     1
  Use: Potion            |       |     2 ||     2
 Stab: Sleeping          |     5 |     4 ||     9
Armor: Skin              |     4 |     2 ||     6
Dodge: Dodged            |    54 |    30 ||    84
